 Dungeon Sprint DCSS version 0.23.2-40-g277498a001 (webtiles) character file.

Game seed: 9868358759794492985

963 Nivan the Basher (level 7, -11/74 HPs)
             Began as a Deep Dwarf Fighter on Sept 29, 2019.
             Was a Follower of Okawaru.
             Mangled by a red devil
             ... wielding a +0 trident
             ... summoned by a kobold demonologist
              (14 damage)
             ... in the Dungeon (Sprint I: "Red Sonja").
             The game lasted 00:12:04 (341 turns).

Nivan the Basher (Deep Dwarf Fighter)                Turns: 341, Time: 00:12:05

Health: -11/74     AC:  8    Str: 20    XL:     7   Next: 92%
Magic:  4/4        EV: 10    Int:  9    God:    Okawaru [*.....]
Gold:   434        SH: 11    Dex: 13    Spells: 6/6 levels left

rFire    . . .     SeeInvis .   a - +0 flail
rCold    . . .     Gourm    .   c - +0 shield
rNeg     . . .     Faith    .   b - +0 scale mail
rPois    .         Spirit   .   (no helmet)
rElec    .         Reflect  .   (no cloak)
rCorr    .         Harm     .   (no gloves)
MR       +....     NoTele   +   (no boots)
Stlth    ..........             (no amulet)
HPRegen  0.00/turn              (no ring)
MPRegen  0.09/turn              (no ring)

@: lethally poisoned (-11 -> -11), non-regenerating
A: damage resistance, heal wounds, sense surroundings 1, no regeneration
a: Heal Wounds, Heroism, Renounce Religion


You were in the Dungeon.
You worshipped Okawaru.
Okawaru was aware of your devotion.
You were not hungry.

You visited 1 branch You collected 434 gold pieces.

Inventory:

Hand Weapons
 a - a +0 flail (weapon)
Armour
 b - a +0 scale mail (worn)
 c - a +0 shield (worn)
Wands
 m - a wand of random effects (22)
Scrolls
 k - a scroll of blinking
Potions
 d - a potion of might
 h - a potion of haste
 i - 2 potions of magic
 j - a potion of berserk rage
Comestibles
 f - 2 rations


   Skills:
 + Level 8.0 Fighting
 + Level 9.8 Maces & Flails
 + Level 9.7 Armour
 + Level 3.4 Dodging
 + Level 9.4 Shields


You had 6 spell levels left.
You didn't know any spells.
Your spell library was empty.

Dungeon Overview and Level Annotations

Branches:
Dungeon (1/1)

Altars:
Cheibriados
Dithmenos
Elyvilon
Fedhas
Gozag
Hepliaklqana
Kikubaaqudgha
Makhleb
Nemelex Xobeh
Okawaru
Qazlal
Ru
Sif Muna
Trog
Uskayaw
Vehumet
Wu Jian
Xom
Yredelemnul
Zin
The Shining One
Jiyva
Lugonu

Shops:
D [


Innate Abilities, Weirdness & Mutations

You are resistant to damage.
You can heal yourself by infusing magical energy.
You passively map a small area around you.
You do not regenerate.


Message History

You sock the kobold demonologist!
The kobold demonologist is severely wounded.
The shadow imp disappears in a puff of smoke!
You block the kobold demonologist's attack.
You sock the kobold demonologist!
The kobold demonologist is almost dead.
The shadow imp gestures at you. You resist with significant effort.
The kobold demonologist hits you but does no damage.
You closely miss the kobold demonologist.
The kobold demonologist is almost dead.
The red devil hits you from afar with a +0 trident!
* * * LOW HITPOINT WARNING * * *
The shadow imp hits you.
* * * LOW HITPOINT WARNING * * *
The kobold demonologist casts a spell.
You closely miss the kobold demonologist.
The kobold demonologist is almost dead.
The red devil hits you from afar with a +0 trident!
You die...

#####################
.)..#..'..#__#..@55.#
.#..').#..'..'..#K45#
###'#####'#__####5..+
* ##..#...#.#### ,
#### _####..##.# ≈≈ ,
* , ____##'#_.+ ≈ +
.∩...'..._# , ,
..__##_.#'# * * *
____###+#.# , * **


You could see a kobold demonologist, a red devil, an iron imp, 2 quasits and a
shadow imp.

Vanquished Creatures
  A kobold demonologist (D)
  A slime creature (D)
  Sigmund (D)
  A yak (D)
  A floating eye (D)
  An ogre (D)
  A jelly (D)
  Ijyb (D)
8 creatures vanquished.

Notes
Turn   | Place    | Note
-------+----------+-------------------------------------------
     0 | D        | Nivan the Deep Dwarf Fighter began the quest for the Orb.
     0 | D        | Reached XP level 1. HP: 20/20 MP: 1/1
     2 | D        | Noticed Ijyb
    24 | D        | Killed Ijyb
    24 | D        | Reached XP level 2. HP: 18/30 MP: 2/2
    28 | D        | Noticed an ogre
    32 | D        | Killed an ogre
    32 | D        | Reached skill level 5 in Fighting
    32 | D        | Reached skill level 5 in Armour
    32 | D        | Reached XP level 3. HP: 11/39 MP: 3/3
    32 | D        | Reached XP level 4. HP: 13/46 MP: 4/4
    49 | D        | Noticed Sigmund
    56 | D        | Killed Sigmund
    56 | D        | Reached skill level 1 in Dodging
    56 | D        | Reached XP level 5. HP: 56/56 MP: 5/5
    70 | D        | Found an ornate altar of the Wu Jian Council.
    70 | D        | Found a deep blue altar of Sif Muna.
    72 | D        | Found a radiant altar of Vehumet.
    76 | D        | Reached XP level 6. HP: 52/63 MP: 6/6
   104 | D        | Found Ulist's Antique Armour Emporium.
   104 | D        | Found an ancient bone altar of Kikubaaqudgha.
   104 | D        | Found a hazy altar of Hepliaklqana.
   104 | D        | Found a hide-covered altar of Uskayaw.
   104 | D        | Found a basalt altar of Yredelemnul.
   104 | D        | Found an opulent altar of Gozag.
   104 | D        | Found a snail-covered altar of Cheibriados.
   104 | D        | Found a sacrificial altar of Ru.
   104 | D        | Found a shadowy altar of Dithmenos.
   104 | D        | Noticed a yak
   122 | D        | Killed a yak
   123 | D        | Found a stormy altar of Qazlal.
   123 | D        | Found a blossoming altar of Fedhas.
   123 | D        | Found a bloodstained altar of Trog.
   123 | D        | Found an iron altar of Okawaru.
   123 | D        | Found a glowing golden altar of the Shining One.
   123 | D        | Found a glowing silver altar of Zin.
   123 | D        | Found a white marble altar of Elyvilon.
   124 | D        | Found a sparkling altar of Nemelex Xobeh.
   130 | D        | Became a worshipper of Warmaster Okawaru
   144 | D        | Found a burning altar of Makhleb.
   144 | D        | Found a viscous altar of Jiyva.
   144 | D        | Found a shimmering altar of Xom.
   144 | D        | Found a corrupted altar of Lugonu.
   144 | D        | Noticed a slime creature
   154 | D        | Killed a slime creature
   154 | D        | Reached XP level 7. HP: 20/72 MP: 5/5
   285 | D        | Noticed a kobold demonologist
   285 | D        | Noticed a kobold demonologist
   287 | D        | Paralysed by a floating eye for 4 turns
   292 | D        | Reached * piety under Okawaru
   298 | D        | Noticed an orange demon
   317 | D        | Noticed a chaos spawn
   320 | D        | Noticed a rust devil
   321 | D        | Noticed a ynoxinul
   327 | D        | Noticed a hellwing
   327 | D        | Killed a kobold demonologist
   339 | D        | Noticed a red devil
   340 | D        | HP: 3/74 [shadow imp[a kobold demonologist] (2)]
   341 | D        | Mangled by a red devil

Skill      XL: |  1  2  3  4  5  6  7 |
---------------+----------------------+-----
Fighting       | 3 5 6 7 8 |  8.0
Maces & Flails | 3 4 6 8 9 |  9.8
Armour         | 4 5 7 8 9 |  9.7
Shields        | 4 6 7 8 9 |  9.4
Dodging        | 1 2 3 |  3.4

Action                   |  1- 3 |  4- 6 |  7- 9 || total
-------------------------+-------+-------+-------++-------
Melee: Flail             |    24 |    34 |    48 ||   106
 Abil: Heal Wounds       |     1 |     4 |     3 ||     8
  Use: Potion            |       |       |     2 ||     2
Armor: Scale mail        |     7 |     3 |    36 ||    46
Dodge: Dodged            |     4 |     9 |    33 ||    46
Block: Shield            |     4 |     9 |    47 ||    60
